New Jersey Devils vs Calgary Flames

Created - mardi 12 mars 2019 at 19:00

Goals
1 2 3 T
New Jersey Devils 0 2 1 3
Calgary Flames 0 1 0 1
Shots
1 2 3 T
New Jersey Devils 11 16 12 39
Calgary Flames 1 26 10 37

1st period

No Goal

Penalties :
Damon Severson (NJD) for Hooking (Minor) at 15:53, Sam Bennett (NJD) for Hooking (Minor) at 18:57

2nd period

1. Calgary Flames , Johnny Gaudreau 29 (Reilly Smith 28, Sean Monahan 29) at 10:21
2. New Jersey Devils , Nico Hischier 18 (Samuel Girard 10, Brian Boyle 9) at 12:20
3. New Jersey Devils , Blake Coleman 10 (Damon Severson 6, Marcus Johansson 8) at 13:27

Penalties :
No Penalty

3rd period

4. New Jersey Devils , Benoit Pouliot 8 (Nico Hischier 22, Blake Coleman 22) at 19:40 (Empty Net)

Penalties :
Joel Edmundson (CGY) for Holding (Minor) at 15:44

Goalie Stats

Keith Kinkaid (NJD), 36 saves from 37 shots - (0.973), W, 9-7-1, 60:00 minutes
Mike Smith (CGY), 36 saves from 38 shots - (0.947), L, 42-14-5, 59:20 minutes

Players Stats for New Jersey Devils

Player Name              G  A  P  +/- PIM S  H  SB GA TA FO     MP     PP MP  PK MP  
------------------------------------------------------------------------------------
Andrej Sekera            0  0  0   0  0   1  1  1  0  1  0/0    19:33   0:36   1:02 
Anton Slepyshev          0  0  0   0  0   1  1  0  0  0  0/3    15:04   1:00   0:27 
Benoit Pouliot           1  0  1   2  0   1  1  0  0  0  0/0    13:08   0:00   0:00 
Blake Coleman            1  1  2   2  0   5  1  0  0  0  10/15  17:51   0:55   2:25 
Brian Boyle              0  1  1   0  0   0  1  0  0  1  7/11   15:22   0:00   1:30 
Damon Severson           0  1  1   1  2   1  0  3  2  1  0/0    18:23   1:27   0:50 
Erik Haula               0  0  0  -1  0   3  0  0  0  1  7/16   13:29   0:00   0:03 
Jesper Bratt             0  0  0  -1  0   1  0  0  1  0  0/0    14:29   1:04   0:00 
Joakim Nordstrom         0  0  0   1  0   1  4  0  0  0  0/0    12:11   0:00   0:00 
John Moore               0  0  0   2  0   3  3  1  0  1  0/0    17:46   0:00   2:06 
Marcus Johansson         0  1  1   1  0   6  2  0  0  0  1/2    14:39   0:59   0:00 
Miles Wood               0  0  0   0  0   2  2  0  0  1  1/2    15:38   1:00   1:06 
Nico Hischier            1  1  2   2  0   4  0  0  1  0  2/7    13:04   0:00   0:00 
Rick Nash                0  0  0   1  0   5  2  0  2  0  0/1    17:09   0:59   2:25 
Ryan Pulock              0  0  0   0  0   1  0  0  0  0  0/0    22:34   0:32   2:06 
Sam Bennett              0  0  0  -1  2   0  3  1  0  0  0/0    13:37   0:00   0:00 
Samuel Girard            0  1  1   0  0   1  0  1  0  1  0/0    18:09   1:23   0:00 
Trevor van Riemsdyk      0  0  0   1  0   3  2  1  0  0  0/0    23:54   0:00   1:52 

Players Stats for Calgary Flames

Player Name              G  A  P  +/- PIM S  H  SB GA TA FO     MP     PP MP  PK MP  
------------------------------------------------------------------------------------
Adam Henrique            0  0  0  -1  0   2  0  1  0  0  3/14   14:35   1:43   0:08 
Adam Pelech              0  0  0  -1  0   0  2  2  0  2  0/0    18:47   0:00   1:15 
Alex Chiasson            0  0  0  -2  0   2  3  0  0  1  0/0    13:56   0:00   0:16 
Colin Miller             0  0  0  -1  0   1  5  2  0  1  0/0    19:39   1:55   0:39 
Danton Heinen            0  0  0  -1  0   0  1  0  0  0  0/0    12:44   0:00   0:00 
Derek Ryan               0  0  0  -1  0   3  0  0  1  0  6/13   13:44   0:00   1:11 
Jake Gardiner            0  0  0   0  0   3  0  0  0  0  0/0    20:03   1:55   0:00 
Joel Edmundson           0  0  0   1  2   1  1  2  0  2  0/0    17:52   0:00   0:00 
Johnny Gaudreau          1  0  1   0  0   6  3  0  1  0  0/1    18:14   2:15   0:00 
Josh Anderson            0  0  0  -1  0   2  1  0  2  0  0/0    12:33   0:00   0:00 
Kyle Palmieri            0  0  0  -1  0   0  4  2  0  0  0/0    14:27   1:43   0:00 
Mark Giordano            0  0  0  -2  0   4  1  1  1  0  0/0    22:30   2:03   1:20 
Michael Frolik           0  0  0   0  0   3  0  0  0  0  0/0    14:05   0:00   1:20 
Micheal Ferland          0  0  0   0  0   4  1  0  1  0  1/1    14:15   1:43   0:00 
Radek Faksa              0  0  0   0  0   2  2  0  0  0  3/5    13:50   0:00   1:03 
Reilly Smith             0  1  1   1  0   2  2  1  0  0  0/1    17:22   2:15   0:00 
Sean Monahan             0  1  1   0  0   0  0  0  1  0  16/22  18:14   2:15   0:00 
TJ Brodie                0  0  0  -1  0   2  1  1  0  0  0/0    21:10   2:03   0:44 

3 Stars

1 - Keith Kinkaid (NJD)
2 - Blake Coleman (NJD)
3 - Nico Hischier (NJD)

Power Play

New Jersey Devils - 0 on 1 Attempt(s) - 0.00%
Calgary Flames - 0 on 2 Attempt(s) - 0.00%

Penalty Kill

New Jersey Devils - 2 on 2 Attempt(s) - 100.00% - Score 0 goal in Penalty Kill
Calgary Flames - 1 on 1 Attempt(s) - 100.00% - Score 0 goal in Penalty Kill

Team Stat

New Jersey Devils - Hits : 23 - Faceoff Wins : 28 - Blocked Shots : 8 - Penalty Minutes : 4
Calgary Flames - Hits : 27 - Faceoff Wins : 29 - Blocked Shots : 12 - Penalty Minutes : 2

Official

Referees : Dean Morton and Chris Rooney
Linesman : Devin Berg and Kiel Murchison

Game Notes

Benoit Pouliot has scored in a empty net!

Finance

Level 1 -- Attendance: 10000 (100.00%) -- Ticket Income fr. 800'000
Level 2 -- Attendance: 1876 (93.80%) -- Ticket Income fr. 121'940
Level 3 -- Attendance: 3089 (88.26%) -- Ticket Income fr. 108'115
Level 4 -- Attendance: 1450 (100.00%) -- Ticket Income fr. 29'000
Luxury Box -- Attendance: 50 (100.00%) -- Ticket Income fr. 10'000
Game was played at the Scotiabank Saddledome.
Total Attendance: 16465 (96.85%)
Total Ticket Income: fr. 1'069'055
Total Income: fr. 1'069'055

New Jersey Devils

5 vs 5 Forward 
   Center                   Left Wing                Right Wing               Time % Phy DF OF 
 1 Brian Boyle              Miles Wood               Anton Slepyshev          26     1   2  2  
 2 Blake Coleman            Marcus Johansson         Rick Nash                26     0   2  3  
 3 Erik Haula               Jesper Bratt             Sam Bennett              25     0   2  3  
 4 Nico Hischier            Benoit Pouliot           Joakim Nordstrom         23     0   2  3  

5 vs 5 Defense 
   Defense                  Defense                                           Time % Phy DF OF 
 1 Trevor van Riemsdyk      Ryan Pulock                                       36     1   3  1  
 2 Damon Severson           John Moore                                        32     0   2  3  
 3 Andrej Sekera            Samuel Girard                                     32     0   2  3  
 4 Damon Severson           Ryan Pulock                                       0      0   2  3  

PowerPlay Forward 
   Center                   Left Wing                Right Wing               Time % Phy DF OF 
 1 Marcus Johansson         Rick Nash                Jesper Bratt             68     0   0  5  
 2 Anton Slepyshev          Miles Wood               Blake Coleman            32     0   0  5  

PowerPlay Defense
   Defense                  Defense                                           Time % Phy DF OF 
 1 Ryan Pulock              Samuel Girard                                     61     0   0  5  
 2 Samuel Girard            Damon Severson                                    39     0   0  5  

Penalty Kill 4 Players Forward 
   Center                   Wing                     Time % Phy DF OF 
 1 Blake Coleman            Rick Nash                60     0   5  0  
 2 Brian Boyle              Miles Wood               40     0   5  0  

Penalty Kill 4 Players Defense
   Defense                  Defense                  Time % Phy DF OF 
 1 Ryan Pulock              John Moore               60     0   5  0  
 2 Trevor van Riemsdyk      Damon Severson           40     0   5  0  

Penalty Kill - 3 Players Forward 
   Forward                                           Time % Phy DF OF 
 1 Anton Slepyshev                                   60     0   5  0  
 2 Blake Coleman                                     40     0   5  0  

Penalty Kill - 3 Players Defense
   Defense                  Defense                  Time % Phy DF OF 
 1 John Moore               Ryan Pulock              60     0   5  0  
 2 Damon Severson           Trevor van Riemsdyk      40     0   5  0  

4 vs 4 Forward 
   Center                   Wing                     Time % Phy DF OF 
 1 Marcus Johansson         Miles Wood               50     0   2  3  
 2 Rick Nash                Jesper Bratt             50     0   2  3  

4 vs 4 Defense
   Defense                  Defense                  Time % Phy DF OF 
 1 Trevor van Riemsdyk      Ryan Pulock              60     0   2  3  
 2 John Moore               Damon Severson           40     0   2  3  

Last Minutes Offensive
   Center                   Left Wing                Right Wing               Defense                  Defense                  
   Nico Hischier            Anton Slepyshev          Rick Nash                John Moore               Andrej Sekera            

Last Minutes Defensive
   Center                   Left Wing                Right Wing               Defense                  Defense                  
   Nico Hischier            Anton Slepyshev          Rick Nash                John Moore               Andrej Sekera            

Goaltenders
Starting : Keith Kinkaid            
Backup : Cory Schneider           

Extra Forwards
Normal : Benoit Pouliot, Marcus Johansson, Anton Slepyshev - PP : Anton Slepyshev, Rick Nash - PK : Rick Nash
Extra Defensemen
Normal : Damon Severson, John Moore, Trevor van Riemsdyk - PP : Damon Severson - PK : Damon Severson, John Moore
Penalty Shots
Benoit Pouliot, Marcus Johansson, Anton Slepyshev, Blake Coleman, Rick Nash
Custom OT Lines Forwards
Anton Slepyshev, Erik Haula, Marcus Johansson, Benoit Pouliot, Nico Hischier, Miles Wood, Rick Nash, Brian Boyle, Blake Coleman, Jesper Bratt
Custom OT Lines Defensemen
Damon Severson, John Moore, Andrej Sekera, Ryan Pulock, Trevor van Riemsdyk

Scratches
Ben Lovejoy (Torn Right ACL Injury), Joshua Ho-Sang (Healthy), Yohann Auvitu (Healthy)

Calgary Flames

5 vs 5 Forward 
   Center                   Left Wing                Right Wing               Time % Phy DF OF 
 1 Sean Monahan             Johnny Gaudreau          Reilly Smith             28     0   2  3  
 2 Adam Henrique            Danton Heinen            Kyle Palmieri            24     0   3  2  
 3 Radek Faksa              Micheal Ferland          Michael Frolik           24     0   3  2  
 4 Derek Ryan               Alex Chiasson            Josh Anderson            24     0   3  2  

5 vs 5 Defense 
   Defense                  Defense                                           Time % Phy DF OF 
 1 Mark Giordano            TJ Brodie                                         35     0   3  2  
 2 Jake Gardiner            Joel Edmundson                                    33     0   3  2  
 3 Colin Miller             Adam Pelech                                       32     0   3  2  
 4 Mark Giordano            TJ Brodie                                         0      0   3  2  

PowerPlay Forward 
   Center                   Left Wing                Right Wing               Time % Phy DF OF 
 1 Sean Monahan             Johnny Gaudreau          Reilly Smith             50     0   0  5  
 2 Adam Henrique            Micheal Ferland          Kyle Palmieri            50     0   0  5  

PowerPlay Defense
   Defense                  Defense                                           Time % Phy DF OF 
 1 Mark Giordano            TJ Brodie                                         48     0   1  4  
 2 Jake Gardiner            Colin Miller                                      52     0   1  4  

Penalty Kill 4 Players Forward 
   Center                   Wing                     Time % Phy DF OF 
 1 Radek Faksa              Michael Frolik           50     1   2  2  
 2 Derek Ryan               Michael Frolik           50     1   2  2  

Penalty Kill 4 Players Defense
   Defense                  Defense                  Time % Phy DF OF 
 1 Mark Giordano            TJ Brodie                48     1   3  1  
 2 Adam Pelech              Joel Edmundson           52     1   3  1  

Penalty Kill - 3 Players Forward 
   Forward                                           Time % Phy DF OF 
 1 Radek Faksa                                       50     1   2  2  
 2 Michael Frolik                                    50     1   2  2  

Penalty Kill - 3 Players Defense
   Defense                  Defense                  Time % Phy DF OF 
 1 Mark Giordano            TJ Brodie                48     1   3  1  
 2 Adam Pelech              Joel Edmundson           52     1   3  1  

4 vs 4 Forward 
   Center                   Wing                     Time % Phy DF OF 
 1 Sean Monahan             Johnny Gaudreau          48     0   2  3  
 2 Adam Henrique            Michael Frolik           52     0   2  3  

4 vs 4 Defense
   Defense                  Defense                  Time % Phy DF OF 
 1 Mark Giordano            TJ Brodie                48     0   3  2  
 2 Jake Gardiner            Joel Edmundson           52     0   3  2  

Last Minutes Offensive
   Center                   Left Wing                Right Wing               Defense                  Defense                  
   Sean Monahan             Johnny Gaudreau          Kyle Palmieri            Mark Giordano            Jake Gardiner            

Last Minutes Defensive
   Center                   Left Wing                Right Wing               Defense                  Defense                  
   Radek Faksa              Reilly Smith             Michael Frolik           Mark Giordano            TJ Brodie                

Goaltenders
Starting : Mike Smith               
Backup : Jaroslav Halak           

Extra Forwards
Normal : Sean Monahan, Kyle Palmieri, Johnny Gaudreau - PP : Sean Monahan, Kyle Palmieri - PK : Radek Faksa
Extra Defensemen
Normal : Mark Giordano, TJ Brodie, Joel Edmundson - PP : Jake Gardiner - PK : Mark Giordano, Joel Edmundson
Penalty Shots
Sean Monahan, Kyle Palmieri, Reilly Smith, Johnny Gaudreau, Josh Anderson
Custom OT Lines Forwards
Sean Monahan, Johnny Gaudreau, Adam Henrique, Kyle Palmieri, Radek Faksa, Reilly Smith, Michael Frolik, Micheal Ferland, Danton Heinen, Josh Anderson
Custom OT Lines Defensemen
Mark Giordano, TJ Brodie, Jake Gardiner, Joel Edmundson, Colin Miller

Scratches
Michael Stone (Healthy), Carter Rowney (Healthy), David Rittich (Healthy)

% Time on Ice - New Jersey Devils

Lines # - Real PCT - Wanted PCT - Time Play
Normal Forward
1 - 25% - 26% - 13:23
2 - 27% - 26% - 14:30
3 - 25% - 25% - 13:06
4 - 23% - 23% - 12:11
Normal Defense
1 - 37% - 36% - 19:56
2 - 31% - 32% - 16:28
3 - 32% - 32% - 16:46
4 - 0% - 0% - 0:00
PP Forward
1 - 50% - 68% - 0:59
2 - 50% - 32% - 1:00
PP Defense
1 - 27% - 61% - 0:32
2 - 73% - 39% - 1:27
PK Forward
1 - 72% - 60% - 2:52
2 - 28% - 40% - 1:06
PK Defense
1 - 53% - 60% - 2:06
2 - 47% - 40% - 1:52
PK3 Forward
1 - 0% - 60%
2 - 0% - 40%
PK3 Defense
1 - 0% - 60%
2 - 0% - 40%
44 Forward
1 - 0% - 50%
2 - 0% - 50%
44 Defense
1 - 0% - 60%
2 - 0% - 40%
Last Minute Offensive  - 0:00
Last Minute Defensive  - 0:53
Total
Forward - 60:00
Defense - 60:00

% Time on Ice - Calgary Flames

Lines # - Real PCT - Wanted PCT - Time Play
Normal Forward
1 - 28% - 28% - 15:09
2 - 24% - 24% - 12:44
3 - 24% - 24% - 12:45
4 - 24% - 24% - 12:33
Normal Defense
1 - 33% - 35% - 17:41
2 - 35% - 33% - 18:36
3 - 30% - 32% - 16:12
4 - 1% - 0% - 0:42
PP Forward
1 - 57% - 50% - 2:15
2 - 43% - 50% - 1:43
PP Defense
1 - 52% - 48% - 2:03
2 - 48% - 52% - 1:55
PK Forward
1 - 40% - 50% - 0:48
2 - 60% - 50% - 1:11
PK Defense
1 - 37% - 48% - 0:44
2 - 63% - 52% - 1:15
PK3 Forward
1 - 0% - 50%
2 - 0% - 50%
PK3 Defense
1 - 0% - 48%
2 - 0% - 52%
44 Forward
1 - 0% - 48%
2 - 0% - 52%
44 Defense
1 - 0% - 48%
2 - 0% - 52%
Last Minute Offensive  - 0:52
Last Minute Defensive  - 0:00
Total
Forward - 60:00
Defense - 60:00

Play-by-Play

1st period


0:01 of 1st period - Sean Monahan wins face-off versus Brian Boyle in neutral zone.
0:37 of 1st period - Blake Coleman is hit by Kyle Palmieri and loses puck.
0:50 of 1st period - Snap shot by Jesper Bratt.
0:50 of 1st period - Shot Blocked by Joel Edmundson.
1:26 of 1st period - Damon Severson is hit by Adam Pelech and loses puck.
1:47 of 1st period - Wrist shot by Adam Henrique.
1:47 of 1st period - Deflect By Kyle Palmieri.
1:47 of 1st period - Deflect By Samuel Girard.
1:47 of 1st period - Shot Misses the Net.
1:47 of 1st period - Puck is out of play.
1:48 of 1st period - Erik Haula wins face-off versus Adam Henrique in New Jersey Devils zone.
2:05 of 1st period - Wrist shot by Adam Henrique.
2:05 of 1st period - Deflect By Kyle Palmieri.
2:05 of 1st period - Shot Misses the Net.
2:05 of 1st period - Puck is out of play.
2:06 of 1st period - Derek Ryan wins face-off versus Nico Hischier in New Jersey Devils zone.
2:31 of 1st period - Blake Coleman is hit by Radek Faksa and loses puck.
2:42 of 1st period - Snap shot by Radek Faksa.
2:42 of 1st period - Shot Misses the Net.
2:56 of 1st period - Backhand shot by Jesper Bratt.
2:56 of 1st period - Shot Misses the Net.
2:58 of 1st period - Snap shot by Andrej Sekera.
2:58 of 1st period - Shot Blocked by Mark Giordano.
3:00 of 1st period - Slapshot by Jesper Bratt.
3:00 of 1st period - Shot Misses the Net.
3:02 of 1st period - Slapshot by Andrej Sekera.
3:02 of 1st period - Shot Blocked by Reilly Smith.
3:21 of 1st period - Snap shot by Brian Boyle.
3:21 of 1st period - Shot Blocked by TJ Brodie.
3:35 of 1st period - Alex Chiasson is hit by John Moore and loses puck.
4:16 of 1st period - Jesper Bratt is hit by Colin Miller and loses puck.
4:31 of 1st period - Jake Gardiner is hit by Joakim Nordstrom and loses puck.
5:13 of 1st period - Off-side.
5:14 of 1st period - Derek Ryan wins face-off versus Erik Haula in neutral zone.
5:27 of 1st period - Wrist shot by Josh Anderson.
5:27 of 1st period - Shot Misses the Net.
5:29 of 1st period - Slapshot by Alex Chiasson.
5:29 of 1st period - Shot Misses the Net.
5:44 of 1st period - Snap shot by Radek Faksa.
5:44 of 1st period - Stopped by Keith Kinkaid without a rebound.
5:45 of 1st period - Sean Monahan wins face-off versus Brian Boyle in New Jersey Devils zone.
5:58 of 1st period - Slapshot by Miles Wood.
5:58 of 1st period - Stopped by Mike Smith without a rebound.
5:59 of 1st period - Micheal Ferland wins face-off versus Nico Hischier in Calgary Flames zone.
6:55 of 1st period - Snap shot by Rick Nash.
6:55 of 1st period - Stopped by Mike Smith without a rebound.
6:56 of 1st period - Brian Boyle wins face-off versus Adam Henrique in Calgary Flames zone.
7:09 of 1st period - Wrist shot by Miles Wood.
7:09 of 1st period - Shot Misses the Net.
7:11 of 1st period - Slapshot by Trevor van Riemsdyk.
7:11 of 1st period - Shot Misses the Net.
7:21 of 1st period - Ryan Pulock is hit by Radek Faksa and loses puck.
7:36 of 1st period - Colin Miller is hit by Sam Bennett and loses puck.
7:56 of 1st period - Wrist shot by Rick Nash.
7:56 of 1st period - Deflect By Blake Coleman.
7:56 of 1st period - Shot Misses the Net.
7:56 of 1st period - Puck is out of play.
7:57 of 1st period - Blake Coleman wins face-off versus Adam Henrique in Calgary Flames zone.
8:00 of 1st period - Snap shot by Rick Nash.
8:00 of 1st period - Stopped by Mike Smith with a rebound.
8:06 of 1st period - Snap shot by Kyle Palmieri.
8:06 of 1st period - Shot Misses the Net.
8:22 of 1st period - Josh Anderson is hit by Miles Wood.
9:38 of 1st period - Samuel Girard is hit by Colin Miller and loses puck.
9:45 of 1st period - Slapshot by Blake Coleman.
9:45 of 1st period - Stopped by Mike Smith without a rebound.
9:46 of 1st period - Brian Boyle wins face-off versus Derek Ryan in Calgary Flames zone.
10:16 of 1st period - Snap shot by Johnny Gaudreau.
10:16 of 1st period - Shot Misses the Net.
10:18 of 1st period - Snap shot by Reilly Smith.
10:18 of 1st period - Shot Blocked by Trevor van Riemsdyk.
10:34 of 1st period - Joel Edmundson is hit by Rick Nash and loses puck.
10:53 of 1st period - Colin Miller is hit by Sam Bennett and loses puck.
11:52 of 1st period - Jake Gardiner is hit by John Moore and loses puck.
12:01 of 1st period - Wrist shot by Blake Coleman.
12:01 of 1st period - Shot Blocked by Kyle Palmieri.
12:20 of 1st period - Micheal Ferland is hit by Andrej Sekera and loses puck.
13:03 of 1st period - Josh Anderson is hit by Joakim Nordstrom and loses puck.
13:16 of 1st period - Adam Pelech is hit by Rick Nash.
13:21 of 1st period - Icing by Adam Henrique.
13:22 of 1st period - Blake Coleman wins face-off versus Adam Henrique in Calgary Flames zone.
13:23 of 1st period - Wrist shot by Rick Nash.
13:23 of 1st period - Shot Blocked by Adam Henrique.
13:25 of 1st period - Snap shot by Blake Coleman.
13:25 of 1st period - Shot Blocked by Colin Miller.
13:27 of 1st period - Snap shot by Blake Coleman.
13:27 of 1st period - Shot Blocked by Adam Pelech.
13:31 of 1st period - Snap shot by Rick Nash.
13:31 of 1st period - Shot Misses the Net.
13:33 of 1st period - Wrist shot by Rick Nash.
13:33 of 1st period - Shot Misses the Net.
13:39 of 1st period - Backhand shot by Blake Coleman.
13:39 of 1st period - Shot Blocked by Kyle Palmieri.
13:41 of 1st period - Slapshot by Marcus Johansson.
13:41 of 1st period - Stopped by Mike Smith with a rebound.
13:43 of 1st period - Snap shot by Blake Coleman.
13:43 of 1st period - Deflect By Rick Nash.
13:43 of 1st period - Stopped by Mike Smith with a rebound.
13:45 of 1st period - Slapshot by John Moore.
13:45 of 1st period - Stopped by Mike Smith with a rebound.
13:47 of 1st period - Snap shot by Blake Coleman.
13:47 of 1st period - Shot Blocked by Adam Pelech.
13:49 of 1st period - Snap shot by Rick Nash.
13:49 of 1st period - Shot Misses the Net.
13:51 of 1st period - Snap shot by Blake Coleman.
13:51 of 1st period - Stopped by Mike Smith without a rebound.
13:52 of 1st period - Radek Faksa wins face-off versus Brian Boyle in Calgary Flames zone.
15:00 of 1st period - Trevor van Riemsdyk is hit by Kyle Palmieri and loses puck.
15:53 of 1st period - Minor Penalty to Damon Severson for Hooking.
15:54 of 1st period - Sean Monahan wins face-off versus Blake Coleman in New Jersey Devils zone.
16:05 of 1st period - Snap shot by Rick Nash.
16:05 of 1st period - Stopped by Mike Smith with a rebound.
16:07 of 1st period - Snap shot by Rick Nash.
16:07 of 1st period - Shot Misses the Net.
16:09 of 1st period - Slapshot by Trevor van Riemsdyk.
16:09 of 1st period - Stopped by Mike Smith without a rebound.
16:10 of 1st period - Blake Coleman wins face-off versus Adam Henrique in Calgary Flames zone.
16:13 of 1st period - Snap shot by Blake Coleman.
16:13 of 1st period - Stopped by Mike Smith without a rebound.
16:14 of 1st period - Blake Coleman wins face-off versus Adam Henrique in Calgary Flames zone.
17:53 of 1st period - Penalty to Damon Severson is over, Damon Severson is back on ice.
18:18 of 1st period - Trevor van Riemsdyk is hit by Alex Chiasson and loses puck.
18:27 of 1st period - Snap shot by Benoit Pouliot.
18:27 of 1st period - Shot Misses the Net.
18:57 of 1st period - Minor Penalty to Sam Bennett for Hooking.
18:58 of 1st period - Sean Monahan wins face-off versus Blake Coleman in New Jersey Devils zone.
18:59 of 1st period - Snap shot by Johnny Gaudreau.
18:59 of 1st period - Shot Misses the Net.
19:09 of 1st period - Blake Coleman is hit by Colin Miller and loses puck.
Goals for this period are 0 for New Jersey Devils vs 0 for Calgary Flames.
Shots for this period are 11 for New Jersey Devils vs 1 for Calgary Flames.

2nd period


0:01 of 2nd period - Blake Coleman wins face-off versus Adam Henrique in neutral zone.
0:37 of 2nd period - John Moore is hit by Johnny Gaudreau and loses puck.
0:57 of 2nd period - Penalty to Sam Bennett is over, Sam Bennett is back on ice.
0:58 of 2nd period - Snap shot by Reilly Smith.
0:58 of 2nd period - Stopped by Keith Kinkaid with a rebound.
1:10 of 2nd period - Snap shot by Johnny Gaudreau.
1:10 of 2nd period - Stopped by Keith Kinkaid with a rebound.
1:12 of 2nd period - Snap shot by Sean Monahan.
1:12 of 2nd period - Shot Misses the Net.
1:14 of 2nd period - Snap shot by TJ Brodie.
1:14 of 2nd period - Stopped by Keith Kinkaid with a rebound.
1:16 of 2nd period - Slapshot by Mark Giordano.
1:16 of 2nd period - Stopped by Keith Kinkaid with a rebound.
1:18 of 2nd period - Snap shot by Johnny Gaudreau.
1:18 of 2nd period - Shot Hit the Post.
1:20 of 2nd period - Slapshot by TJ Brodie.
1:20 of 2nd period - Shot Misses the Net.
1:22 of 2nd period - Slapshot by Johnny Gaudreau.
1:22 of 2nd period - Shot Misses the Net.
1:24 of 2nd period - Snap shot by Mark Giordano.
1:24 of 2nd period - Stopped by Keith Kinkaid with a rebound.
1:26 of 2nd period - Snap shot by Johnny Gaudreau.
1:26 of 2nd period - Stopped by Keith Kinkaid with a rebound.
1:28 of 2nd period - Slapshot by Reilly Smith.
1:28 of 2nd period - Deflect By Johnny Gaudreau.
1:28 of 2nd period - Shot Hit the Post.
1:28 of 2nd period - Puck is out of play.
1:29 of 2nd period - Derek Ryan wins face-off versus Nico Hischier in New Jersey Devils zone.
1:59 of 2nd period - Michael Frolik is hit by Blake Coleman and loses puck.
2:20 of 2nd period - Jake Gardiner is hit by Sam Bennett and loses puck.
2:35 of 2nd period - Alex Chiasson is hit by Trevor van Riemsdyk and loses puck.
2:43 of 2nd period - Slapshot by Trevor van Riemsdyk.
2:43 of 2nd period - Deflect By Nico Hischier.
2:43 of 2nd period - Stopped by Mike Smith with a rebound.
3:10 of 2nd period - Mark Giordano is hit by Marcus Johansson and loses puck.
3:54 of 2nd period - Snap shot by Micheal Ferland.
3:54 of 2nd period - Stopped by Keith Kinkaid with a rebound.
4:14 of 2nd period - Slapshot by Kyle Palmieri.
4:14 of 2nd period - Shot Blocked by Damon Severson.
4:39 of 2nd period - Joakim Nordstrom is hit by Micheal Ferland.
4:57 of 2nd period - Alex Chiasson is hit by Joakim Nordstrom and loses puck.
5:17 of 2nd period - Wrist shot by Joakim Nordstrom.
5:17 of 2nd period - Shot Misses the Net.
5:25 of 2nd period - Benoit Pouliot is hit by Danton Heinen and loses puck.
5:36 of 2nd period - Micheal Ferland is hit by Miles Wood and loses puck.
5:56 of 2nd period - Icing by Brian Boyle.
5:57 of 2nd period - Brian Boyle wins face-off versus Sean Monahan in New Jersey Devils zone.
6:25 of 2nd period - Snap shot by Derek Ryan.
6:25 of 2nd period - Shot Misses the Net.
8:07 of 2nd period - Snap shot by Marcus Johansson.
8:07 of 2nd period - Stopped by Mike Smith without a rebound.
8:08 of 2nd period - Nico Hischier wins face-off versus Adam Henrique in Calgary Flames zone.
8:11 of 2nd period - Snap shot by Joakim Nordstrom.
8:11 of 2nd period - Stopped by Mike Smith with a rebound.
8:21 of 2nd period - John Moore is hit by Kyle Palmieri and loses puck.
8:32 of 2nd period - Nico Hischier is hit by Alex Chiasson and loses puck.
8:55 of 2nd period - John Moore is hit by Reilly Smith and loses puck.
9:07 of 2nd period - Ryan Pulock is hit by Colin Miller and loses puck.
9:18 of 2nd period - Snap shot by Nico Hischier.
9:18 of 2nd period - Stopped by Mike Smith without a rebound.
9:19 of 2nd period - Radek Faksa wins face-off versus Anton Slepyshev in Calgary Flames zone.
9:29 of 2nd period - Slapshot by Samuel Girard.
9:29 of 2nd period - Stopped by Mike Smith with a rebound.
9:31 of 2nd period - Slapshot by Samuel Girard.
9:31 of 2nd period - Deflect By Miles Wood.
9:31 of 2nd period - Shot Misses the Net.
9:31 of 2nd period - Puck is out of play.
9:32 of 2nd period - Sean Monahan wins face-off versus Erik Haula in Calgary Flames zone.
9:45 of 2nd period - Snap shot by Reilly Smith.
9:45 of 2nd period - Deflect By Jesper Bratt.
9:45 of 2nd period - Shot Misses the Net.
9:45 of 2nd period - Puck is out of play.
9:46 of 2nd period - Brian Boyle wins face-off versus Derek Ryan in New Jersey Devils zone.
9:55 of 2nd period - Slapshot by Miles Wood.
9:55 of 2nd period - Stopped by Mike Smith without a rebound.
9:56 of 2nd period - Brian Boyle wins face-off versus Derek Ryan in Calgary Flames zone.
10:11 of 2nd period - Snap shot by Alex Chiasson.
10:11 of 2nd period - Stopped by Keith Kinkaid with a rebound.
10:13 of 2nd period - Snap shot by Mark Giordano.
10:13 of 2nd period - Stopped by Keith Kinkaid without a rebound.
10:14 of 2nd period - Sean Monahan wins face-off versus Erik Haula in New Jersey Devils zone.
10:21 of 2nd period - Snap shot by Johnny Gaudreau.
10:21 of 2nd period - Goal by Johnny Gaudreau - New Jersey Devils : 0 - Calgary Flames : 1.
10:22 of 2nd period - Sean Monahan wins face-off versus Erik Haula in neutral zone.
11:08 of 2nd period - Backhand shot by Radek Faksa.
11:08 of 2nd period - Stopped by Keith Kinkaid with a rebound.
11:10 of 2nd period - Slapshot by Micheal Ferland.
11:10 of 2nd period - Deflect By Michael Frolik.
11:10 of 2nd period - Stopped by Keith Kinkaid with a rebound.
11:14 of 2nd period - Slapshot by Micheal Ferland.
11:14 of 2nd period - Stopped by Keith Kinkaid without a rebound.
11:15 of 2nd period - Erik Haula wins face-off versus Johnny Gaudreau in New Jersey Devils zone.
11:20 of 2nd period - Wrist shot by Andrej Sekera.
11:20 of 2nd period - Shot Blocked by Colin Miller.
11:47 of 2nd period - Marcus Johansson is hit by Adam Pelech and loses puck.
12:18 of 2nd period - Wrist shot by Brian Boyle.
12:18 of 2nd period - Shot Misses the Net.
12:20 of 2nd period - Slapshot by Samuel Girard.
12:20 of 2nd period - Deflect By Nico Hischier.
12:20 of 2nd period - Goal by Nico Hischier - New Jersey Devils : 1 - Calgary Flames : 1.
12:21 of 2nd period - Sean Monahan wins face-off versus Rick Nash in neutral zone.
12:24 of 2nd period - Wrist shot by Johnny Gaudreau.
12:24 of 2nd period - Deflect By Sean Monahan.
12:24 of 2nd period - Shot Hit the Post.
12:24 of 2nd period - Puck is out of play.
12:25 of 2nd period - Sean Monahan wins face-off versus Blake Coleman in New Jersey Devils zone.
12:38 of 2nd period - Marcus Johansson is hit by Reilly Smith and loses puck.
12:55 of 2nd period - Snap shot by Josh Anderson.
12:55 of 2nd period - Stopped by Keith Kinkaid with a rebound.
12:57 of 2nd period - Wrist shot by Alex Chiasson.
12:57 of 2nd period - Stopped by Keith Kinkaid with a rebound.
13:19 of 2nd period - Snap shot by Erik Haula.
13:19 of 2nd period - Stopped by Mike Smith with a rebound.
13:21 of 2nd period - Slapshot by Trevor van Riemsdyk.
13:21 of 2nd period - Stopped by Mike Smith without a rebound.
13:22 of 2nd period - Blake Coleman wins face-off versus Adam Henrique in Calgary Flames zone.
13:23 of 2nd period - Slapshot by Marcus Johansson.
13:23 of 2nd period - Stopped by Mike Smith with a rebound.
13:25 of 2nd period - Wrist shot by Damon Severson.
13:25 of 2nd period - Stopped by Mike Smith with a rebound.
13:27 of 2nd period - Snap shot by Blake Coleman.
13:27 of 2nd period - Deflect By Colin Miller.
13:27 of 2nd period - Goal by Blake Coleman - New Jersey Devils : 2 - Calgary Flames : 1.
13:28 of 2nd period - Adam Henrique wins face-off versus Erik Haula in neutral zone.
14:22 of 2nd period - Wrist shot by Josh Anderson.
14:22 of 2nd period - Shot Misses the Net.
15:02 of 2nd period - Slapshot by Jake Gardiner.
15:02 of 2nd period - Shot Blocked by Andrej Sekera.
15:14 of 2nd period - Snap shot by Micheal Ferland.
15:14 of 2nd period - Stopped by Keith Kinkaid with a rebound.
15:16 of 2nd period - Snap shot by Micheal Ferland.
15:16 of 2nd period - Shot Misses the Net.
15:18 of 2nd period - Slapshot by Joel Edmundson.
15:18 of 2nd period - Stopped by Keith Kinkaid with a rebound.
15:20 of 2nd period - Wrist shot by Micheal Ferland.
15:20 of 2nd period - Shot Blocked by Samuel Girard.
15:22 of 2nd period - Snap shot by Michael Frolik.
15:22 of 2nd period - Shot Misses the Net.
15:24 of 2nd period - Snap shot by Micheal Ferland.
15:24 of 2nd period - Stopped by Keith Kinkaid without a rebound.
15:25 of 2nd period - Sean Monahan wins face-off versus Erik Haula in New Jersey Devils zone.
15:30 of 2nd period - Snap shot by Johnny Gaudreau.
15:30 of 2nd period - Shot Blocked by Damon Severson.
15:32 of 2nd period - Wrist shot by TJ Brodie.
15:32 of 2nd period - Stopped by Keith Kinkaid without a rebound.
15:33 of 2nd period - Sean Monahan wins face-off versus Erik Haula in New Jersey Devils zone.
15:34 of 2nd period - Wrist shot by Johnny Gaudreau.
15:34 of 2nd period - Shot Blocked by Sam Bennett.
15:42 of 2nd period - Slapshot by Sean Monahan.
15:42 of 2nd period - Shot Blocked by Damon Severson.
15:44 of 2nd period - Wrist shot by Reilly Smith.
15:44 of 2nd period - Stopped by Keith Kinkaid with a rebound.
15:46 of 2nd period - Wrist shot by Sean Monahan.
15:46 of 2nd period - Shot Blocked by John Moore.
15:48 of 2nd period - Snap shot by Johnny Gaudreau.
15:48 of 2nd period - Stopped by Keith Kinkaid with a rebound.
16:20 of 2nd period - Wrist shot by Erik Haula.
16:20 of 2nd period - Shot Misses the Net.
16:22 of 2nd period - Snap shot by Erik Haula.
16:22 of 2nd period - Deflect By Danton Heinen.
16:22 of 2nd period - Shot Misses the Net.
16:22 of 2nd period - Puck is out of play.
16:23 of 2nd period - Blake Coleman wins face-off versus Adam Henrique in Calgary Flames zone.
16:26 of 2nd period - Snap shot by Rick Nash.
16:26 of 2nd period - Shot Misses the Net.
16:28 of 2nd period - Snap shot by Rick Nash.
16:28 of 2nd period - Stopped by Mike Smith with a rebound.
16:30 of 2nd period - Slapshot by Ryan Pulock.
16:30 of 2nd period - Stopped by Mike Smith without a rebound.
16:31 of 2nd period - Blake Coleman wins face-off versus Adam Henrique in Calgary Flames zone.
16:32 of 2nd period - Wrist shot by Marcus Johansson.
16:32 of 2nd period - Shot Misses the Net.
16:34 of 2nd period - Slapshot by Trevor van Riemsdyk.
16:34 of 2nd period - Stopped by Mike Smith without a rebound.
16:35 of 2nd period - Adam Henrique wins face-off versus Blake Coleman in Calgary Flames zone.
16:44 of 2nd period - Wrist shot by Adam Henrique.
16:44 of 2nd period - Deflect By Rick Nash.
16:44 of 2nd period - Stopped by Keith Kinkaid with a rebound.
17:20 of 2nd period - Wrist shot by Derek Ryan.
17:20 of 2nd period - Stopped by Keith Kinkaid without a rebound.
17:21 of 2nd period - Nico Hischier wins face-off versus Derek Ryan in New Jersey Devils zone.
17:28 of 2nd period - Snap shot by Nico Hischier.
17:28 of 2nd period - Stopped by Mike Smith with a rebound.
17:38 of 2nd period - Benoit Pouliot is hit by Joel Edmundson and loses puck.
18:10 of 2nd period - Joakim Nordstrom is hit by Alex Chiasson and loses puck.
18:25 of 2nd period - Wrist shot by Derek Ryan.
18:25 of 2nd period - Deflect By Josh Anderson.
18:25 of 2nd period - Stopped by Keith Kinkaid with a rebound.
18:27 of 2nd period - Wrist shot by Derek Ryan.
18:27 of 2nd period - Shot Misses the Net.
18:29 of 2nd period - Snap shot by Derek Ryan.
18:29 of 2nd period - Stopped by Keith Kinkaid with a rebound.
18:31 of 2nd period - Slapshot by Colin Miller.
18:31 of 2nd period - Stopped by Keith Kinkaid without a rebound.
18:32 of 2nd period - Blake Coleman wins face-off versus Sean Monahan in New Jersey Devils zone.
19:55 of 2nd period - Icing by Sam Bennett.
19:56 of 2nd period - Erik Haula wins face-off versus Sean Monahan in New Jersey Devils zone.
Goals for this period are 2 for New Jersey Devils vs 1 for Calgary Flames.
Shots for this period are 16 for New Jersey Devils vs 26 for Calgary Flames.

3rd period


0:01 of 3rd period - Brian Boyle wins face-off versus Reilly Smith in neutral zone.
0:32 of 3rd period - Danton Heinen is hit by Marcus Johansson and loses puck.
1:10 of 3rd period - Icing by Erik Haula.
1:11 of 3rd period - Erik Haula wins face-off versus Derek Ryan in New Jersey Devils zone.
1:11 of 3rd period - Erik Haula is hit by Josh Anderson.
1:40 of 3rd period - Icing by Colin Miller.
1:41 of 3rd period - Sean Monahan wins face-off versus Miles Wood in Calgary Flames zone.
2:38 of 3rd period - Wrist shot by Jesper Bratt.
2:38 of 3rd period - Stopped by Mike Smith with a rebound.
2:50 of 3rd period - Micheal Ferland is hit by Joakim Nordstrom and loses puck.
3:18 of 3rd period - Sean Monahan is hit by Anton Slepyshev and loses puck.
3:31 of 3rd period - Snap shot by Adam Henrique.
3:31 of 3rd period - Stopped by Keith Kinkaid with a rebound.
3:43 of 3rd period - Blake Coleman is hit by Colin Miller and loses puck.
4:42 of 3rd period - Wrist shot by Johnny Gaudreau.
4:42 of 3rd period - Stopped by Keith Kinkaid without a rebound.
4:43 of 3rd period - Sean Monahan wins face-off versus Brian Boyle in New Jersey Devils zone.
5:33 of 3rd period - Slapshot by Jake Gardiner.
5:33 of 3rd period - Stopped by Keith Kinkaid without a rebound.
5:34 of 3rd period - Blake Coleman wins face-off versus Radek Faksa in New Jersey Devils zone.
5:41 of 3rd period - Snap shot by Marcus Johansson.
5:41 of 3rd period - Stopped by Mike Smith without a rebound.
5:42 of 3rd period - Brian Boyle wins face-off versus Sean Monahan in Calgary Flames zone.
5:53 of 3rd period - Anton Slepyshev is hit by Mark Giordano and loses puck.
6:16 of 3rd period - Snap shot by Marcus Johansson.
6:16 of 3rd period - Shot Misses the Net.
6:18 of 3rd period - Wrist shot by Blake Coleman.
6:18 of 3rd period - Stopped by Mike Smith without a rebound.
6:19 of 3rd period - Derek Ryan wins face-off versus Erik Haula in Calgary Flames zone.
6:44 of 3rd period - Johnny Gaudreau is hit by John Moore and loses puck.
6:51 of 3rd period - Snap shot by Nico Hischier.
6:51 of 3rd period - Shot Misses the Net.
6:53 of 3rd period - Wrist shot by Joakim Nordstrom.
6:53 of 3rd period - Shot Misses the Net.
7:09 of 3rd period - Kyle Palmieri is hit by Brian Boyle and loses puck.
7:24 of 3rd period - Slapshot by Mark Giordano.
7:24 of 3rd period - Stopped by Keith Kinkaid without a rebound.
7:25 of 3rd period - Radek Faksa wins face-off versus Blake Coleman in New Jersey Devils zone.
7:34 of 3rd period - Snap shot by John Moore.
7:34 of 3rd period - Stopped by Mike Smith with a rebound.
7:36 of 3rd period - Slapshot by John Moore.
7:36 of 3rd period - Stopped by Mike Smith with a rebound.
7:38 of 3rd period - Slapshot by John Moore.
7:38 of 3rd period - Shot Misses the Net.
7:40 of 3rd period - Snap shot by Marcus Johansson.
7:40 of 3rd period - Stopped by Mike Smith without a rebound.
7:41 of 3rd period - Erik Haula wins face-off versus Sean Monahan in Calgary Flames zone.
7:44 of 3rd period - Wrist shot by Erik Haula.
7:44 of 3rd period - Stopped by Mike Smith without a rebound.
7:45 of 3rd period - Sean Monahan wins face-off versus Erik Haula in Calgary Flames zone.
8:11 of 3rd period - Joakim Nordstrom is hit by Kyle Palmieri.
8:56 of 3rd period - Snap shot by Andrej Sekera.
8:56 of 3rd period - Stopped by Mike Smith with a rebound.
8:58 of 3rd period - Snap shot by Marcus Johansson.
8:58 of 3rd period - Stopped by Mike Smith with a rebound.
9:35 of 3rd period - Slapshot by Kyle Palmieri.
9:35 of 3rd period - Shot Misses the Net.
9:52 of 3rd period - Wrist shot by Brian Boyle.
9:52 of 3rd period - Shot Misses the Net.
9:54 of 3rd period - Wrist shot by Damon Severson.
9:54 of 3rd period - Shot Blocked by Joel Edmundson.
10:30 of 3rd period - Snap shot by Johnny Gaudreau.
10:30 of 3rd period - Stopped by Keith Kinkaid without a rebound.
10:31 of 3rd period - Erik Haula wins face-off versus Sean Monahan in New Jersey Devils zone.
10:31 of 3rd period - Erik Haula is hit by Johnny Gaudreau.
10:43 of 3rd period - Snap shot by Erik Haula.
10:43 of 3rd period - Stopped by Mike Smith without a rebound.
10:44 of 3rd period - Adam Henrique wins face-off versus Anton Slepyshev in Calgary Flames zone.
10:49 of 3rd period - Brian Boyle is hit by TJ Brodie and loses puck.
11:34 of 3rd period - Adam Pelech is hit by Trevor van Riemsdyk and loses puck.
12:59 of 3rd period - Erik Haula is hit by Johnny Gaudreau and loses puck.
13:16 of 3rd period - Snap shot by Michael Frolik.
13:16 of 3rd period - Stopped by Keith Kinkaid with a rebound.
13:18 of 3rd period - Snap shot by Michael Frolik.
13:18 of 3rd period - Shot Misses the Net.
13:20 of 3rd period - Slapshot by Jake Gardiner.
13:20 of 3rd period - Stopped by Keith Kinkaid with a rebound.
13:22 of 3rd period - Slapshot by Micheal Ferland.
13:22 of 3rd period - Shot Misses the Net.
13:34 of 3rd period - Wrist shot by Anton Slepyshev.
13:34 of 3rd period - Stopped by Mike Smith without a rebound.
13:35 of 3rd period - Miles Wood wins face-off versus Derek Ryan in Calgary Flames zone.
13:36 of 3rd period - Slapshot by Samuel Girard.
13:36 of 3rd period - Shot Hit the Post.
14:01 of 3rd period - Icing by Johnny Gaudreau.
14:02 of 3rd period - Sean Monahan wins face-off versus Nico Hischier in Calgary Flames zone.
14:02 of 3rd period - Sean Monahan is hit by Benoit Pouliot.
14:38 of 3rd period - Slapshot by Adam Henrique.
14:38 of 3rd period - Shot Misses the Net.
14:52 of 3rd period - Snap shot by Derek Ryan.
14:52 of 3rd period - Stopped by Keith Kinkaid with a rebound.
14:54 of 3rd period - Slapshot by Alex Chiasson.
14:54 of 3rd period - Shot Misses the Net.
14:56 of 3rd period - Slapshot by Adam Pelech.
14:56 of 3rd period - Shot Misses the Net.
15:12 of 3rd period - Slapshot by Reilly Smith.
15:12 of 3rd period - Shot Misses the Net.
15:44 of 3rd period - Minor Penalty to Joel Edmundson for Holding.
15:45 of 3rd period - Derek Ryan wins face-off versus Anton Slepyshev in Calgary Flames zone.
16:06 of 3rd period - Snap shot by Michael Frolik.
16:06 of 3rd period - Stopped by Keith Kinkaid without a rebound.
16:07 of 3rd period - Marcus Johansson wins face-off versus Derek Ryan in New Jersey Devils zone.
16:35 of 3rd period - Off-side.
16:36 of 3rd period - Derek Ryan wins face-off versus Marcus Johansson in neutral zone.
17:44 of 3rd period - Penalty to Joel Edmundson is over, Joel Edmundson is back on ice.
18:56 of 3rd period - Slapshot by Jake Gardiner.
18:56 of 3rd period - Stopped by Keith Kinkaid without a rebound.
18:57 of 3rd period - Paul Maurice call a timeout for Calgary Flames.
18:57 of 3rd period - Sean Monahan wins face-off versus Nico Hischier in New Jersey Devils zone.
19:00 of 3rd period - Calgary Flames, Mike Smith is pulled from the net.
19:40 of 3rd period - Wrist shot by Benoit Pouliot.
19:40 of 3rd period - Goal by Benoit Pouliot - New Jersey Devils : 3 - Calgary Flames : 1.
19:40 of 3rd period - Mike Smith from Calgary Flames was sent back in the game.
19:41 of 3rd period - Erik Haula wins face-off versus Radek Faksa in neutral zone.
Goals for this period are 1 for New Jersey Devils vs 0 for Calgary Flames.
Shots for this period are 12 for New Jersey Devils vs 10 for Calgary Flames.